 Dungeon Crawl Stone Soup version 0.30-a0-1160-g6e42c06551 (webtiles) character file.

Game seed: 15821896805661964560

462 holysushi the Cudgeller (level 7, -2/58 HPs)
             Began as a Meteoran Fighter on Apr 27, 2023.
             Was an Initiate of Okawaru.
             Slain by an ogre
             ... wielding a +0 giant spiked club
              (30 damage)
             ... on level 4 of the Dungeon.
             The game lasted 00:10:15 (1880 turns).

holysushi the Cudgeller (Meteoran Fighter)          Turns: 1880, Time: 00:10:16

Health: -2/58      AC:  8    Str: 19    XL:     7   Next: 54%
Magic:  10/10      EV: 10    Int: 11    God:    Okawaru [......]
Gold:   143        SH:  5    Dex: 13    Spells: 6/6 levels left

rFire   . . .        a - +0 flail
rCold   . . .        c - +0 buckler
rNeg    . . .        b - +0 scale mail
rPois   .            g - +0 helmet
rElec   .            (no cloak)
rCorr   .            (no gloves)
SInv    .            (no boots)
Will    .....        (no amulet) Stlth
                     m - ring of flight
HPRegen 0.29/turn    (no ring)
MPRegen 0.12/turn

%: no passive effects
@: flying, glowing
A: sense surroundings 1, otherworldly, glowing, explore regen
a: Renounce Religion


You were on level 4 of the Dungeon.
You worshipped Okawaru.
Okawaru was noncommittal.
You visited 2 branches of the dungeon, and saw 6 of its levels.

You collected 157 gold pieces.
You donated 14 gold pieces to Zin.

Inventory:

Hand Weapons
 a - a +0 flail (weapon)
Armour
 b - a +0 scale mail (worn)
 c - a +0 buckler (worn)
 g - a +0 helmet (worn)
Jewellery
 m - a ring of flight (left hand)
Scrolls
 f - a scroll of fog
 i - 2 scrolls of magic mapping
 j - a scroll of identify
Potions
 d - a potion of degeneration {unknown}
 e - 2 potions of mutation
 h - a potion of lignification
 k - a potion of attraction
 l - a potion of brilliance
 n - a potion of magic


   Skills:
 + Level 3.8 Fighting
 + Level 7.5 Maces & Flails
 - Level 3.6 Armour
 - Level 3.9 Dodging
 - Level 3.6 Shields
 - Level 3.0 Invocations


You had 6 spell levels left.
You didn't know any spells.
Your spell library was empty.

Dungeon Overview and Level Annotations

Branches:
Dungeon (5/15) Zot: 1122   Temple (1/1) D:4 Zot: 547

Altars:
Ashenzari
Cheibriados
Dithmenos
Elyvilon
Gozag
Hepliaklqana
Okawaru
Ru
Sif Muna
Trog
Uskayaw
Vehumet
Xom
Zin


Innate Abilities, Weirdness & Mutations

You passively map a small area around you.
You are easily found by Zot.
You glow in the dark.
You regain HP and MP as you explore.


Message History

The ogre shouts!
You aren't carrying any items that you can evoke.
Unknown command.
Okay, then.
Okay, then.
Unknown command.
The ogre attacks as you move away!
The ogre hits you with a +0 giant spiked club.
Okay, then.
You swing at nothing.
You barely miss the ogre. The ogre barely misses you.
You sock the ogre!
The ogre is heavily wounded.
The ogre hits you with a +0 giant spiked club!!
The ogre attacks as you move away! The ogre barely misses you.
Found a stone staircase leading down.
There is a stone staircase leading down here.
Found a viscous red potion.
You see here a viscous red potion.
d - a viscous red potion You thump the ogre!
The ogre is almost dead.
The ogre hits you with a +0 giant spiked club!
You hit the ogre but do no damage.
The ogre is almost dead.
The ogre closely misses you.
You hit the ogre.
The ogre is almost dead.
You closely miss the ogre.
The ogre is almost dead.
The ogre hits you with a +0 giant spiked club!!
You hit the ogre.
The ogre is almost dead.
You block the ogre's attack.
You see here 5 stones.
The gnoll shouts!
The ogre attacks as you move away!
The ogre hits you with a +0 giant spiked club!!
Ouch! That really hurt!
You die...

..g ,,* , , ..#* ,
*#.# #.# #.##.# #.#
#.##.# #.# #.##.#
#.# #.##.# #.#
#.##.# #@# #.##.#
##O##
#.##.####...####
#..............#
#<##.####...##.#
#.##.#
##.###.#######
#.##.# #.#
#.......# ##.##.#
#.# #######g######
##...#.#
##.#####....<.....(


You could see an ogre.

Vanquished Creatures
  A bullfrog (D:4)
  A scorpion (D:4)
  An orc priest (D:4)
  A hound (D:4)
  A gnoll bouda (D:3)
  An iron imp (D:5)
  An iguana (D:5)
  An orc wizard (D:4)
  5 gnolls
  4 adders
  An ufetubus (D:5)
  A worm (D:4)
  9 orcs
  6 ball pythons
  7 bats
  5 endoplasms
  2 giant cockroaches
  6 goblins
  10 hobgoblins
  2 jackals (D:3)
  2 quokkas
  7 frilled lizards
  6 kobolds
  7 rats
88 creatures vanquished.

Vanquished Creatures (others)
  A plant (D:1)
1 creature vanquished.

Grand Total: 89 creatures vanquished

Notes
Turn   | Place    | Note
-------+----------+-------------------------------------------
     0 | D:1      | holysushi the Meteoran Fighter began the quest for the Orb.
     0 | D:1      | Reached XP level 1. HP: 19/19 MP: 2/2
    60 | D:1      | Reached skill level 3 in Maces & Flails
    79 | D:1      | Reached XP level 2. HP: 17/26 MP: 3/3
   202 | D:1      | Reached skill level 4 in Maces & Flails
   238 | D:1      | Reached XP level 3. HP: 27/31 MP: 4/4
   276 | D:2      | Found a glowing silver altar of Zin.
   305 | D:2      | Became a worshipper of Zin the Law-Giver
   496 | D:2      | Reached * piety under Zin
   633 | D:2      | Reached skill level 5 in Maces & Flails
   633 | D:2      | Reached XP level 4. HP: 38/38 MP: 5/5
   914 | D:3      | Reached skill level 1 in Dodging
   914 | D:3      | Reached XP level 5. HP: 28/45 MP: 6/6
  1074 | D:3      | Reached skill level 6 in Maces & Flails
  1212 | D:4      | Reached ** piety under Zin
  1293 | D:4      | Reached skill level 1 in Invocations
  1304 | D:5      | Entered Level 5 of the Dungeon
  1311 | D:5      | Reached XP level 6. HP: 39/51 MP: 6/8
  1347 | D:5      | Found a snail-covered altar of Cheibriados.
  1402 | D:5      | Noticed an ogre
  1599 | D:4      | Found a staircase to the Ecumenical Temple.
  1612 | Temple   | Entered the Ecumenical Temple
  1643 | Temple   | Fell from the grace of Zin
  1643 | Temple   | Became a worshipper of Warmaster Okawaru
  1699 | D:4      | Reached XP level 7. HP: 26/57 MP: 10/10
  1713 | D:4      | Reached skill level 7 in Maces & Flails
  1880 | D:4      | Slain by an ogre

Illustrated notes

Levels and vault maps discovered:
D:1:      scummos_arrival_hexagon, layout_loops_cross, serial_bayou_lagoon_b
D:2:      layout_basic, basic_altar
D:3:      layout_rooms, nicolae_underground_beach
D:4:      layout_loops_ring, minmay_temple_entry_overgrown,
          minmay_goblin_outpost
D:5:      layout_rooms, grunt_qazlal_clouds, chei_slow_surprise,
          mainiacjoe_overflow_paths, nicolae_overflow_two_pavilions,
          lemuel_coloured_pillars_altar, amcnicky_mini_pool_small
Temple:   minmay_temple_bridge_abc

Skill      XL: |  1  2  3  4  5  6  7 |
---------------+----------------------+-----
Maces & Flails | 3 4 5 6 7 |  7.5
Dodging        | 1 2 3 |  3.9
Invocations    | 1 3 |  3.0
Fighting       | |  3.8
Armour         | |  3.6
Shields        | |  3.6

Action                     |  1- 3 |  4- 6 |  7- 9 || total
---------------------------+-------+-------+-------++-------
  Melee: Flail             |   109 |   164 |    40 ||   313
 Invoke: Recite            |       |     4 |       ||     4
    Use: Scroll            |       |     9 |       ||     9
         Potion            |       |     3 |     2 ||     5
 Armour: Scale mail        |    89 |    84 |    18 ||   191
  Dodge: Dodged            |    49 |    90 |    19 ||   158
  Block: Buckler           |    38 |    60 |    10 ||   108

Table legend: (Time is in decaauts)
 A = Elapsed time spent in this place.
 B = Non-inter-level travel time spent in this place.
 C = Inter-level travel time spent in this place.
 D = Time resting spent in this place.
 E = Time spent auto-exploring this place.
 F = Levels seen in this place.
 G = Mean time per level.
                   A        B        C        D        E       F      G
               +--------+--------+--------+--------+--------+-----+--------+
         Total |   1930 |   1857 |     73 |      0 |      0 |   6 |  321.7 |
       Dungeon |   1877 |   1804 |     73 |      0 |      0 |   5 |  375.4 |
        Temple |     52 |     52 |      0 |      0 |      0 |   1 |   52.0 |
               +--------+--------+--------+--------+--------+-----+--------+

Top non-repeatable levels by time:
     D:4: 551 daAuts
     D:3: 473 daAuts
     D:2: 440 daAuts
     D:1: 292 daAuts
     D:5: 120 daAuts
  Temple: 52 daAuts
